MLB
MILWAUKEE BREWERS @ COLORADO ROCKIES
05/14/2099
 
TOP OF THE 1ST
Milwaukee Brewers batting - Pitching for Colorado Rockies : RHP Dave Baldwin
Pitching: RHP Dave Baldwin
Batting: RHB Byron Weaver 0-0: Called Strike
0-1: Ball
1-1: Ball
2-1: Foul Ball, location: 9LDF
2-2: Ball
3-2: Strikes out swinging
Batting: RHB Kyle Stewart 0-0: Ball
1-0: Fly out, F9 (Flyball, 89S, EV 86.9 MPH)
Batting: LHB Alex Cruz 0-0: Called Strike
0-1: Ball
1-1: Foul Ball, location: 2F
1-2: Ball
2-2: Foul Ball, location: 7LDF
2-2: Strikes out looking
Top of the 1st over - 0 runs, 0 hits, 0 errors, 0 left on base; Milwaukee 0 - Colorado 0
BOTTOM OF THE 1ST
Colorado Rockies batting - Pitching for Milwaukee Brewers : RHP Miguel Vera
Pitching: RHP Miguel Vera
Batting: LHB Glenn Sewell 0-0: Ball
1-0: Ball
2-0: SINGLE (Line Drive, 7S, EV 106.9 MPH)
Batting: RHB Mike Woodard 0-0: Ball
Wild Pitch!
Glenn Sewell to second
1-0: Foul Ball, location: 2F
1-1: Called Strike
1-2: Foul Ball, location: 23F
1-2: Ball
2-2: Ball
3-2: Foul Ball, location: 23F
3-2: Foul Ball, location: 3DF
3-2: SINGLE (Groundball, 6, EV 83.1 MPH) (infield hit)
Glenn Sewell to third
Batting: LHB Matt Beck 0-0: Fly out, F9 (Flyball, 89M, EV 81.3 MPH)
Runner from 3rd tags up, SCORES, throw by RF
Batting: LHB Jim Davis 0-0: Foul Ball, location: 2F
0-1: Ball
1-1: Ball
2-1: Fielders Choice at 2nd, 4-6 (Groundball, 4M, EV 88.8 MPH)
Batting: LHB Jeremy Papish 0-0: Ball
1-0: Swinging Strike
1-1: Ball
2-1: Swinging Strike
2-2: Ball
3-2: Ground out 4-3 (Groundball, 4, EV 85.6 MPH)
Bottom of the 1st over - 1 run, 2 hits, 0 errors, 1 left on base; Milwaukee 0 - Colorado 1
TOP OF THE 2ND
Milwaukee Brewers batting - Pitching for Colorado Rockies : RHP Dave Baldwin
Batting: RHB Tony Ledezma 0-0: Fly out, F4 (Popup, 4, EV 60.0 MPH)
Batting: LHB Chris Marcheski 0-0: Fly out, F7 (Flyball, 7LS, EV 78.8 MPH)
Batting: RHB Tyler Naberhaus 0-0: Foul Ball, location: 9LMF
0-1: Ball
1-1: Ball
2-1: Ball
3-1: Swinging Strike
3-2: Fly out, F7 (Flyball, 78M, EV 78.1 MPH)
Top of the 2nd over - 0 runs, 0 hits, 0 errors, 0 left on base; Milwaukee 0 - Colorado 1
BOTTOM OF THE 2ND
Colorado Rockies batting - Pitching for Milwaukee Brewers : RHP Miguel Vera
Batting: LHB Mike Keatts 0-0: Ground out 5-3 (Groundball, 56S, EV 86.3 MPH)
Batting: RHB Orlando Serrano 0-0: Called Strike
0-1: Foul Ball, location: 3DF
0-2: Foul Ball, location: 2F
0-2: DOUBLE (Line Drive, 9LD, EV 102.5 MPH)
Batting: LHB Josh Bell 0-0: Called Strike
0-1: Ball
1-1: Called Strike
1-2: Strikes out looking
Batting: LHB Jesus Pena 0-0: Ball
1-0: Swinging Strike
1-1: Called Strike
1-2: Ball
2-2: Fly out, F3 (Line Drive, 34, EV 72.5 MPH)
Bottom of the 2nd over - 0 runs, 1 hit, 0 errors, 1 left on base; Milwaukee 0 - Colorado 1
TOP OF THE 3RD
Milwaukee Brewers batting - Pitching for Colorado Rockies : RHP Dave Baldwin
Batting: RHB Johnny Curet 0-0: Fly out, F7 (Flyball, 7LM, EV 98.1 MPH)
Batting: SHB Jamie Saxton 0-0: Ball
1-0: Called Strike
1-1: Ball
2-1: Called Strike
2-2: Strikes out swinging
Batting: RHB Carlos Cabal 0-0: Called Strike
0-1: Foul Ball, location: 7LMF
0-2: Ball
1-2: SINGLE (Line Drive, 5D, EV 107.5 MPH)
Batting: RHB Byron Weaver 0-0: Called Strike
0-1: Foul Ball, location: 2F
0-2: Foul Ball, location: 25FF
0-2: Ball
1-2: Foul Ball, location: 9LMF
1-2: Ball
2-2: Ground out 4-3 (Groundball, 4MS, EV 76.3 MPH)
Top of the 3rd over - 0 runs, 1 hit, 0 errors, 1 left on base; Milwaukee 0 - Colorado 1
BOTTOM OF THE 3RD
Colorado Rockies batting - Pitching for Milwaukee Brewers : RHP Miguel Vera
Batting: LHB Glenn Sewell 0-0: Foul Ball, location: 2F
0-1: Called Strike
0-2: Fly out, F5 (Popup, 25F, EV 88.1 MPH)
Batting: RHB Mike Woodard 0-0: Called Strike
0-1: SINGLE (Line Drive, 89M, EV 97.5 MPH)
Batting: LHB Matt Beck 0-0: DOUBLE (Groundball, 5L, EV 100.6 MPH)
Mike Woodard to third
Runner from 3rd tries for Home, SAFE, throw by LF to home
Batting: LHB Jim Davis 0-0: Called Strike
0-1: Swinging Strike
0-2: Strikes out swinging
Batting: LHB Jeremy Papish 0-0: Ball
1-0: Ball
2-0: SINGLE (Line Drive, 9S, EV 110.0 MPH)
Matt Beck to third
Runner from 3rd tries for Home, SAFE, throw by RF to home
Batting: LHB Mike Keatts 0-0: Ball
1-0: Ball
2-0: Called Strike
2-1: Swinging Strike
2-2: Ground out 4-3 (Groundball, 4, EV 108.8 MPH)
Bottom of the 3rd over - 2 runs, 3 hits, 0 errors, 1 left on base; Milwaukee 0 - Colorado 3
TOP OF THE 4TH
Milwaukee Brewers batting - Pitching for Colorado Rockies : RHP Dave Baldwin
Batting: RHB Kyle Stewart 0-0: Ball
1-0: Fly out, F9 (Flyball, 9S, EV 90.0 MPH)
Batting: LHB Alex Cruz 0-0: Called Strike
0-1: Ball
1-1: Ball
2-1: Foul Ball, location: 2LF
2-2: Ball
3-2: Fly out, F7 (Line Drive, 78M, EV 100.0 MPH)
Batting: RHB Tony Ledezma 0-0: Ball
1-0: Ball
2-0: Swinging Strike
2-1: Foul Ball, location: 25F
2-2: Ball
3-2: Ground out 5-3 (Groundball, 56, EV 79.4 MPH)
Top of the 4th over - 0 runs, 0 hits, 0 errors, 0 left on base; Milwaukee 0 - Colorado 3
BOTTOM OF THE 4TH
Colorado Rockies batting - Pitching for Milwaukee Brewers : RHP Miguel Vera
Batting: RHB Orlando Serrano 0-0: Called Strike
0-1: Foul Ball, location: 2F
0-2: Ground out 6-3 (Groundball, 6, EV 85.6 MPH)
Batting: LHB Josh Bell 0-0: Foul Ball, location: 5SF
0-1: Called Strike
0-2: Ground out 5-3 (Groundball, 56, EV 84.4 MPH)
Batting: LHB Jesus Pena 0-0: Swinging Strike
0-1: Called Strike
0-2: Strikes out swinging
Bottom of the 4th over - 0 runs, 0 hits, 0 errors, 0 left on base; Milwaukee 0 - Colorado 3
TOP OF THE 5TH
Milwaukee Brewers batting - Pitching for Colorado Rockies : RHP Dave Baldwin
Batting: LHB Chris Marcheski 0-0: Ball
1-0: Called Strike
1-1: Called Strike
1-2: Ball
2-2: Foul Ball, location: 3FF
2-2: Strikes out looking
Batting: RHB Tyler Naberhaus 0-0: Called Strike
0-1: Ball
1-1: SINGLE (Line Drive, 78S, EV 86.3 MPH)
Batting: RHB Johnny Curet 0-0: Ball
1-0: Foul Ball, location: 2F
1-1: Fly out, F9 (Flyball, 9, EV 92.5 MPH)
Batting: SHB Jamie Saxton 0-0: Called Strike
0-1: Swinging Strike
0-2: Ball
1-2: Ball
2-2: Foul Ball, location: 2F
2-2: Ball
3-2: Strikes out looking
Top of the 5th over - 0 runs, 1 hit, 0 errors, 1 left on base; Milwaukee 0 - Colorado 3
BOTTOM OF THE 5TH
Colorado Rockies batting - Pitching for Milwaukee Brewers : RHP Miguel Vera
Batting: LHB Glenn Sewell 0-0: Ground out 1-3 (Groundball, 13S, EV 68.8 MPH)
Batting: RHB Mike Woodard 0-0: Ball
1-0: Called Strike
1-1: Called Strike
1-2: Ball
2-2: Ball
3-2: Base on Balls
Batting: LHB Matt Beck 0-0: Called Strike
0-1: Ball
1-1: Swinging Strike
1-2: Ball
Wild Pitch!
Mike Woodard to second
2-2: SINGLE (Groundball, 34D, EV 98.8 MPH)
Mike Woodard to third
Runner from 3rd tries for Home, SAFE, throw by RF to home
Matt Beck to second
Batting: LHB Jim Davis 0-0: Swinging Strike
0-1: Ball
1-1: Ground out 6-3 (Groundball, 6, EV 86.9 MPH)
Batting: LHB Jeremy Papish 0-0: Called Strike
0-1: Foul Ball, location: 3F
0-2: Ball
1-2: Ball
2-2: Foul Ball, location: 25F
2-2: Strikes out swinging
Bottom of the 5th over - 1 run, 1 hit, 0 errors, 1 left on base; Milwaukee 0 - Colorado 4
TOP OF THE 6TH
Milwaukee Brewers batting - Pitching for Colorado Rockies : RHP Dave Baldwin
Batting: RHB Carlos Cabal 0-0: Ball
1-0: Called Strike
1-1: Ball
2-1: Foul Ball, location: 23FF
2-2: Foul Ball, location: 2F
2-2: Strikes out swinging
Batting: RHB Byron Weaver 0-0: Called Strike
0-1: Called Strike
0-2: Ball
1-2: Ball
2-2: Foul Ball, location: 2F
2-2: Ball
3-2: Ground out 6-3 (Groundball, 6, EV 101.9 MPH)
Batting: RHB Kyle Stewart 0-0: SOLO HOME RUN (Flyball, 7LD, EV 92.5 MPH), Distance : 355 ft
Batting: LHB Alex Cruz 0-0: Ball
1-0: Foul Ball, location: 7LSF
1-1: Swinging Strike
1-2: Foul Ball, location: 3DF
1-2: Foul Ball, location: 3F
1-2: Foul Ball, location: 7LDF
1-2: Foul Ball, location: 3F
1-2: Ball
2-2: Ball
3-2: SINGLE (Groundball, 4, EV 110.6 MPH) (infield hit)
Pitching: RHP Doug Craig
Batting: RHB Tony Ledezma 0-0: Foul Ball, location: 3F
0-1: Called Strike
0-2: Ball
1-2: Strikes out swinging
Top of the 6th over - 1 run, 2 hits, 0 errors, 1 left on base; Milwaukee 1 - Colorado 4
BOTTOM OF THE 6TH
Colorado Rockies batting - Pitching for Milwaukee Brewers : RHP Miguel Vera
Batting: LHB Mike Keatts 0-0: Called Strike
0-1: Called Strike
0-2: Ball
1-2: Fly out, F6 (Popup, 6MS, EV 77.5 MPH)
Batting: RHB Orlando Serrano 0-0: Called Strike
0-1: Called Strike
0-2: Ball
1-2: Ball
2-2: Ball
3-2: Ground out 5-3 (Groundball, 56, EV 101.9 MPH)
Batting: LHB Josh Bell 0-0: Ball
1-0: Called Strike
1-1: Foul Ball, location: 5DF
1-2: SINGLE (Line Drive, 89S, EV 98.1 MPH)
Batting: LHB Jesus Pena 0-0: Called Strike
0-1: Ball
1-1: Foul Ball, location: 2F
1-2: Ground out U3 (Groundball, 34, EV 85.0 MPH)
Bottom of the 6th over - 0 runs, 1 hit, 0 errors, 1 left on base; Milwaukee 1 - Colorado 4
TOP OF THE 7TH
Milwaukee Brewers batting - Pitching for Colorado Rockies : RHP Doug Craig
Batting: LHB Chris Marcheski 0-0: Ball
1-0: Ball
2-0: Ball
3-0: Called Strike
3-1: Fly out, F9 (Flyball, 89M, EV 91.9 MPH)
Batting: RHB Tyler Naberhaus 0-0: Ball
1-0: Fly out, F7 (Flyball, 7D, EV 93.8 MPH)
Batting: RHB Johnny Curet 0-0: Ball
1-0: Swinging Strike
1-1: Foul Ball, location: 9LMF
1-2: Foul Ball, location: 2F
1-2: Fly out, F9 (Flyball, 89M, EV 95.0 MPH)
Top of the 7th over - 0 runs, 0 hits, 0 errors, 0 left on base; Milwaukee 1 - Colorado 4
BOTTOM OF THE 7TH
Colorado Rockies batting - Pitching for Milwaukee Brewers : RHP Miguel Vera
Batting: LHB Glenn Sewell 0-0: SINGLE (Line Drive, 5D, EV 102.5 MPH)
Batting: RHB Mike Woodard 0-0: Called Strike
0-1: Foul Ball, location: 5F
0-2: Ball
1-2: Strikes out swinging
Batting: LHB Matt Beck 0-0: Called Strike
Glenn Sewell steals 2nd base
0-1: Fly out, F8 (Flyball, 8LXD, EV 83.8 MPH)
Runner from 2nd tags up, SAFE at 3rd, no throw by CF
Pitching: LHP Javier Encarnacion
Pinch Hitting: SHB Brian Hatcher 0-0: Called Strike
0-1: Ball
1-1: Ground out 4-3 (Groundball, 4S, EV 81.9 MPH)
Bottom of the 7th over - 0 runs, 1 hit, 0 errors, 1 left on base; Milwaukee 1 - Colorado 4
TOP OF THE 8TH
Milwaukee Brewers batting - Pitching for Colorado Rockies : RHP Doug Craig
Now at 1B: Ricky Aguilera
Batting: SHB Jamie Saxton 0-0: SOLO HOME RUN (Flyball, 78XD, EV 105.6 MPH), Distance : 413 ft
Batting: RHB Carlos Cabal 0-0: Ball
1-0: Ball
2-0: Ball
3-0: Base on Balls
Batting: RHB Byron Weaver 0-0: Ball
1-0: Fly out, F9 (Flyball, 89S, EV 89.4 MPH)
Pinch Hitting: LHB Ron Lenz 0-0: SINGLE (Line Drive, 89S, EV 88.1 MPH)
Carlos Cabal to second
Batting: LHB Alex Cruz 0-0: Ball
1-0: Called Strike
1-1: Foul Ball, location: 7LSF
1-2: Foul Ball, location: 5FF
1-2: Strikes out looking
Batting: RHB Tony Ledezma 0-0: Swinging Strike
0-1: Ball
1-1: Ball
2-1: SINGLE (Line Drive, 56D, EV 110.6 MPH)
Carlos Cabal to third
Ron Lenz to second
Runner from 3rd tries for Home, SAFE, throw by LF to home
Pitching: RHP Vinny Herrick
Batting: LHB Chris Marcheski 0-0: Called Strike
0-1: Ball
1-1: Swinging Strike
1-2: Strikes out swinging
Top of the 8th over - 2 runs, 3 hits, 0 errors, 2 left on base; Milwaukee 3 - Colorado 4
BOTTOM OF THE 8TH
Colorado Rockies batting - Pitching for Milwaukee Brewers : LHP Javier Encarnacion
Now at 1B: Alex Cruz
Now in LF: Ron Lenz
Batting: LHB Jeremy Papish 0-0: SINGLE (Groundball, 34D, EV 104.4 MPH)
Batting: LHB Mike Keatts 0-0: Ball
1-0: Called Strike
1-1: Grounds into double play, 4-6-3 (Groundball, 4, EV 103.1 MPH)
Batting: RHB Orlando Serrano 0-0: Called Strike
0-1: Foul Ball, location: 9LSF
0-2: SINGLE (Line Drive, 78S, EV 94.4 MPH)
Batting: LHB Josh Bell Pickoff Throw to First - Out! 1-3 CS
Bottom of the 8th over - 0 runs, 2 hits, 0 errors, 0 left on base; Milwaukee 3 - Colorado 4
TOP OF THE 9TH
Milwaukee Brewers batting - Pitching for Colorado Rockies : RHP Vinny Herrick
Batting: RHB Tyler Naberhaus 0-0: Called Strike
0-1: Ball
1-1: Ball
2-1: DOUBLE (Flyball, 8RXD, EV 93.8 MPH)
Pinch Runner at 2nd Victor Pacheco:
Batting: RHB Johnny Curet 0-0: Ball
1-0: Ground out 6-3 (Groundball, 6, EV 105.0 MPH)
Batting: SHB Jamie Saxton 0-0: Ball
1-0: Called Strike
1-1: Ball
2-1: Ball
3-1: Base on Balls
Pinch Hitting: LHB Takashi Nakata 0-0: Ball
1-0: Foul Ball, location: 9LSF
1-1: SINGLE (Line Drive, 4D, EV 101.9 MPH)
Victor Pacheco to third
Jamie Saxton to second
Runner from 3rd tries for Home, SAFE, throw by RF to home
Batting: RHB Byron Weaver 0-0: Called Strike
0-1: Called Strike
0-2: Foul Ball, location: 5F
0-2: Ball
1-2: Foul Ball, location: 9LSF
1-2: 3-RUN HOME RUN (Flyball, 78XD, EV 98.1 MPH), Distance : 403 ft
Pitching: RHP Chris Colbert
Batting: LHB Ron Lenz 0-0: Ball
1-0: Foul Ball, location: 7LSF
1-1: Foul Ball, location: 25F
1-2: Foul Ball, location: 2F
1-2: Fly out, F4 (Popup, 4M, EV 59.4 MPH)
Batting: LHB Alex Cruz 0-0: Ball
1-0: SOLO HOME RUN (Line Drive, 89XD, EV 104.4 MPH), Distance : 389 ft
Batting: RHB Tony Ledezma 0-0: Foul Ball, location: 25FF
0-1: Foul Ball, location: 2F
0-2: Hit by Pitch
Batting: LHB Chris Marcheski 0-0: Ball
1-0: Foul Ball, location: 9LDF
1-1: Foul Ball, location: 7LDF
1-2: Ball
2-2: Strikes out looking
Top of the 9th over - 5 runs, 4 hits, 0 errors, 1 left on base; Milwaukee 8 - Colorado 4
BOTTOM OF THE 9TH
Colorado Rockies batting - Pitching for Milwaukee Brewers : LHP Javier Encarnacion
Now at C: Sean Weaver
Now at 2B: Takashi Nakata
Pinch Hitting: RHB Kosuke Sakai 0-0: Called Strike
0-1: Foul Ball, location: 2F
0-2: Ball
1-2: Fly out, F8 (Line Drive, 8RM, EV 87.5 MPH)
Pinch Hitting: RHB Tony Thomas 0-0: Ball
1-0: Ball
2-0: Foul Ball, location: 5F
2-1: Swinging Strike
2-2: Ball
3-2: Ground out 5-3 (Groundball, 5S, EV 73.1 MPH)
Batting: LHB Glenn Sewell 0-0: Foul Ball, location: 7LSF
0-1: Foul Ball, location: 2F
0-2: Hit by Pitch
Batting: RHB Mike Woodard 0-0: Ball
1-0: Ground out U3 (Groundball, 34S, EV 86.3 MPH)
Bottom of the 9th over - 0 runs, 0 hits, 0 errors, 1 left on base; Milwaukee 8 - Colorado 4
Saturday, May 4th , 2024 - OOTP Baseball 24.11 Build 85